 Dungeon Crawl Stone Soup version 0.32-a0-361-g289a535e89 (webtiles) character file.

Game seed: 2403993355901435584

1686 greenreed the Chopper (level 9, -1/71 HPs)
             Began as a Coglin Gladiator on Feb 18, 2024.
             Was a Follower of Wu Jian.
             Slain by a troll (9 damage)
             ... on level 6 of the Dungeon.
             The game lasted 00:15:32 (5915 turns).

greenreed the Chopper (Coglin Gladiator)            Turns: 5915, Time: 00:15:33

Health: -1/71      AC: 11    Str: 18    XL:     9   Next: 2%
Magic:  9/9        EV:  9    Int:  8    God:    Wu Jian [*.....]
Gold:   363        SH:  0    Dex: 16    Spells: 8/8 levels left

rFire   . . .        a - +0 war axe {Nittaya}
rCold   . . .        w - +1 spear (flame) {Bo}
rNeg    . . .        r - +0 chain mail
rPois   .            c - +0 helmet
rElec   .            (no cloak)
rCorr   .            (no gloves)
SInv    +            m - +0 pair of boots
Will    .....        (no amulet) Stlth
                     E - ring of see invisible
HPRegen 0.31/turn    (no ring)
MPRegen 0.11/turn

%: no passive effects
@: revved, stiff-legged, very slow
A: off-hand wielding, slow wielding, warmup strikes, warmup strides
a: Renounce Religion


You were on level 6 of the Dungeon.
You worshipped Wu Jian.
Wu Jian was aware of your devotion.
You visited 2 branches of the dungeon, and saw 7 of its levels.
You also visited: Sewer.

You collected 363 gold pieces.

Inventory:

Hand Weapons
 a - a +0 war axe (weapon) {Nittaya}
 w - a +1 spear of flaming (worn) {Bo}
 G - a +1 hand axe of freezing
Missiles
 d - 3 throwing nets (quivered)
 e - a javelin
 n - 15 poisoned darts
 D - a curare-tipped dart
Armour
 c - a +0 helmet (worn)
 m - a +0 pair of boots (worn)
 r - a +0 chain mail (worn)
 O - a +0 scale mail of poison resistance
Jewellery
 E - a ring of see invisible (left grasper)
 I - a ring of fire
 K - a +4 ring of protection
Wands
 q - a wand of polymorph (2)
 N - a wand of roots (4)
Scrolls
 b - 2 scrolls of vulnerability {unknown}
 g - 6 scrolls of teleportation {unknown}
 j - 2 scrolls of revelation
 k - 2 scrolls of immolation {unknown}
 l - a scroll of enchant armour {unknown}
 p - a scroll of blinking {unknown}
 s - 2 scrolls of fog {unknown}
 t - a scroll of summoning {unknown}
 v - 3 scrolls of amnesia {unknown}
 y - a scroll of enchant weapon {unknown}
 F - a scroll of silence {unknown}
 H - a scroll of noise {unknown}
 L - 2 scrolls of poison {unknown}
Potions
 f - 3 potions of heal wounds
 h - 2 potions of mutation
 i - 4 potions of ambrosia
 o - 2 potions of might
 u - 4 potions of curing
 x - a potion of degeneration {unknown}
 z - 3 potions of invisibility {unknown}
 A - 2 potions of cancellation {unknown}
 B - a potion of lignification {unknown}
 C - 2 potions of brilliance {unknown}
 J - a potion of berserk rage {unknown}
 M - 2 potions of haste {unknown}


   Skills:
 * Level 6.5 Fighting
 * Level 6.8 Axes
 - Level 3.3 Throwing
 + Level 3.6 Armour
 + Level 4.7 Dodging


You had 8 spell levels left.
You didn't know any spells.
Your spell library contained the following spells:

 Spells                   Type           Power      Damage    Failure   Level
 Kiss of Death            Conj/Necr      0%         2d5       99%         1
 Slow                     Hex            0%         N/A       99%         1
 Blink                    Tloc           0%         N/A       99%         2
 Lesser Beckoning         Tloc           0%         N/A       99%         2
 Momentum Strike          Conj/Tloc      0%         3d8       99%         2
 Confusing Touch          Hex            0%         N/A       100%        3
 Inner Flame              Hex/Fire       0%         N/A       100%        3
 Sigil of Binding         Hex            0%         N/A       100%        3
 Vampiric Draining        Necr           0%         2d6       100%        3
 Irradiate                Conj/Alch      0%         3d11      100%        5
 Ignition                 Fire           0%         3d3       100%        8


Dungeon Overview and Level Annotations

Branches:
Dungeon (6/15)             Temple (1/1) D:4           Sewer (visited)

Altars:
Ashenzari
Cheibriados
Dithmenos
Elyvilon
Fedhas
Gozag
Hepliaklqana
Kikubaaqudgha
Makhleb
Nemelex Xobeh
Okawaru
Qazlal
Sif Muna
Trog
Uskayaw
Vehumet
Wu Jian
Xom
Yredelemnul
Zin

Shops:
D:6 (

Annotations:
D:6 3 runed translucent doors, cforsyth's ghost, novice DjFE


Innate Abilities, Weirdness & Mutations

You can wield a second weapon in your off-hand.
It takes a long time for you to wield or remove held weapons.
Your first few attacks do less damage.
Your first movements take longer.


Message History

You hit the unseen horror with your +1 spear of flaming.
You burn the unseen horror.
The unseen horror is severely wounded.
You barely miss the unseen horror with your +0 war axe.
The unseen horror closely misses you. The unseen horror barely misses you.
The unseen horror misses you.
There is an open door, spattered with blood here.
You closely miss the unseen horror with your +0 war axe.
The unseen horror is severely wounded.
You hit the unseen horror with your +1 spear of flaming.
You burn the unseen horror. The unseen horror barely misses you.
Unknown command.
You lunge at the troll.
You slash the troll with your +0 war axe!
The troll is moderately wounded.
You hit the unseen horror but do no damage.
You hit the troll with your +1 spear of flaming.
You burn the troll. The unseen horror barely misses you.
The unseen horror hits you but does no damage. x2
The troll bites you! The troll claws you but does no damage.
The troll claws you! The unseen horror hits you. The troll closely misses you.
The troll barely misses you. The troll claws you! The unseen horror hits you.
Unknown command.
Unknown command.
You closely miss the troll with your +0 war axe.
The troll is moderately wounded.
You closely miss the unseen horror with your +0 war axe.
You hit the troll but do no damage. The unseen horror barely misses you.
The troll bites you! The troll claws you but does no damage.
The troll claws you.
You hit the troll with your +1 spear of flaming.
You burn the troll.
The troll is heavily wounded.
You hit the troll with your +0 war axe. The unseen horror barely misses you.
The troll bites you.
* * * LOW HITPOINT WARNING * * *
The troll claws you!
* * * LOW HITPOINT WARNING * * *
The troll claws you!
You die...

##..##.......)...
##...####...####.. ##....#
#.....##### ##.....# #...)..##
##...#.####.......##
##...####ß.####...<.##
##...##..'..+. ##)....#
##...##Txß#..#ß..#......
##.....#@####+###.#.)....
###......#'#$!?(()# #......
##........#.########.#......
##.........#..ß#..#ß..#......
##..#.......##..†..'~.##......
##..##############)ß####.......
##..## #.#'## ######## ##..##
##....# # #..## ##.....## #


You could see a troll and an unseen horror (invisible).

Vanquished Creatures
  A water moccasin (D:5)
  A sky beast (D:6)
  3 ogres
  A phantom (D:6)
  3 kobold brigands (Sewer)
  2 bullfrogs (D:6)
  A hound (D:5)
  2 jellies
  2 orc priests (D:6)
  3 sleepcaps
  2 iguanas (D:5)
  5 orc wizards (D:5)
  7 gnolls
  14 adders
  A river rat (Sewer)
  A shadow imp (D:5)
  5 dart slugs
  3 ribbon worms
  9 orcs
  10 ball pythons
  12 bats
  3 endoplasms
  5 giant cockroaches (D:3)
  8 goblins
  10 hobgoblins
  3 jackals
  7 kobolds
  6 quokkas
  3 frilled lizards
  9 rats
142 creatures vanquished.

Notes
Turn   | Place    | Note
-------+----------+-------------------------------------------
     0 | D:1      | greenreed the Coglin Gladiator began the quest for the Orb.
     0 | D:1      | Reached XP level 1. HP: 16/16 MP: 1/1
    55 | D:1      | Reached XP level 2. HP: 22/22 MP: 2/2
   210 | D:1      | You fall into a shaft and drop 1 floor!
   394 | D:2      | Reached XP level 3. HP: 17/28 MP: 3/3
   640 | D:2      | Found a white marble altar of Elyvilon.
   933 | D:1      | Reached XP level 4. HP: 34/34 MP: 4/4
  1252 | D:2      | Found a faded altar of an unknown god.
  1623 | D:3      | Found a glowing drain.
  1646 | D:3      | Reached skill level 1 in Armour
  1651 | Sewer    | Entered a sewer
  1674 | Sewer    | Reached XP level 5. HP: 41/41 MP: 5/5
  1852 | Sewer    | Noticed a kobold brigand
  1865 | Sewer    | Killed a kobold brigand
  1866 | Sewer    | Reached XP level 6. HP: 29/47 MP: 6/6
  2443 | D:3      | Found a shadowy altar of Dithmenos.
  2444 | D:3      | Found an ornate altar of the Wu Jian Council.
  2446 | D:3      | Found an opulent altar of Gozag.
  2447 | D:3      | Found a white marble altar of Elyvilon.
  2448 | D:3      | Found a blossoming altar of Fedhas.
  2456 | D:3      | Became a worshipper of the Wu Jian Council
  2586 | D:3      | Reached XP level 7. HP: 54/54 MP: 7/7
  3325 | D:4      | Found a staircase to the Ecumenical Temple.
  3386 | Temple   | Entered the Ecumenical Temple
  3401 | D:4      | Reached skill level 5 in Axes
  3461 | D:4      | Reached * piety under Wu Jian
  4064 | D:5      | Entered Level 5 of the Dungeon
  4075 | D:5      | Reached skill level 5 in Fighting
  4075 | D:5      | Reached XP level 8. HP: 28/62 MP: 8/8
  4261 | D:5      | Found a radiant altar of Vehumet.
  4318 | D:5      | Got Vehumet's Encyclopedia of Percussion
  4325 | D:5      | Found an ancient bone altar of Kikubaaqudgha.
  4333 | D:5      | Found a shimmering blue altar of Sif Muna.
  4406 | D:5      | Found a basalt altar of Yredelemnul.
  5024 | D:6      | Noticed cforsyth's ghost (novice DjFE)
  5030 | D:6      | Noticed a two-headed ogre
  5037 | D:6      | Found a runed translucent gate.
  5037 | D:6      | Found a runed translucent gate.
  5485 | D:6      | Found a runed translucent gate.
  5519 | D:6      | Found Haem's Weapon Shop.
  5885 | D:6      | Noticed an unseen horror
  5898 | D:6      | Reached XP level 9. HP: 67/71 MP: 9/9
  5907 | D:6      | Noticed a troll
  5915 | D:6      | Slain by a troll

Illustrated notes

Levels and vault maps discovered:
D:1:      dpeg_arrival_subterranean_lakeside_camping, layout_basic
D:2:      layout_basic, hellmonk_ecumenical_altar_leap_of_faith, basic_altar,
          minmay_close_crescents
D:3:      layout_basic, minitemple, gup_sewer_entry_glass
D:4:      layout_basic, minmay_temple_entry_waves
D:5:      layout_basic, palyth_temple_overflow_mages,
          nicolae_overflow_crystal_walls, kennysheep_generic_room_13
D:6:      minmay_chambers_of_sixes, layout_cave_pods, serial_shops,
          nicolae_shop_tiny_glass, gammafunk_ghost_split
Temple:   chequers_temple_sunken

Skill      XL: |  1  2  3  4  5  6  7  8 |
---------------+-------------------------+-----
Throwing       | 2 3 |  3.3
Dodging        | 3 4 |  4.7
Fighting       | 3 4 5 6 |  6.5
Armour         | 1 2 3 |  3.6
Axes           | 4 5 6 |  6.8

Action                     |  1- 3 |  4- 6 |  7- 9 || total
---------------------------+-------+-------+-------++-------
  Melee: War axe           |    97 |   101 |   187 ||   385
         Spear             |       |    82 |   178 ||   260
Ability: Lunge             |       |     3 |    27 ||    30
         Whirlwind         |       |       |    30 ||    30
    Use: Scroll            |       |     4 |     2 ||     6
 Armour: Leather armour    |    41 |       |       ||    41
         Chain mail        |    45 |    81 |   161 ||   287
  Dodge: Dodged            |    97 |    45 |    66 ||   208

Table legend: (Time is in decaauts)
 A = Elapsed time spent in this place.
 B = Non-inter-level travel time spent in this place.
 C = Inter-level travel time spent in this place.
 D = Time resting spent in this place.
 E = Time spent auto-exploring this place.
 F = Levels seen in this place.
 G = Mean time per level.
                   A        B        C        D        E       F      G
               +--------+--------+--------+--------+--------+-----+--------+
         Total |   6367 |   6206 |    161 |    156 |   4727 |   8 |  795.9 |
       Dungeon |   5605 |   5444 |    161 |    156 |   4283 |   6 |  934.2 |
        Temple |      1 |      1 |      0 |      0 |      0 |   1 |    1.0 |
         Sewer |    760 |    760 |      0 |      0 |    444 |   1 |  760.0 |
               +--------+--------+--------+--------+--------+-----+--------+

Top non-repeatable levels by time:
     D:4: 1015 daAuts
     D:5: 994 daAuts
     D:6: 931 daAuts
     D:3: 925 daAuts
     D:1: 893 daAuts
     D:2: 843 daAuts
   Sewer: 760 daAuts
  Temple: 1 daAuts
